 Dungeon Crawl Stone Soup version 0.32-a0-306-gfed3edf829 (webtiles) character file.

Game seed: 9555290335900350431

1392 Curundu the Chopper (level 8, -6/71 HPs)
             Began as a Minotaur Berserker on Feb 15, 2024.
             Was a Believer of Trog.
             Killed from afar by an electric eel (10 damage)
             ... with a bolt of electricity
             ... on level 5 of the Dungeon.
             The game lasted 00:14:21 (4364 turns).

Curundu the Chopper (Minotaur Berserker)            Turns: 4364, Time: 00:14:22

Health: -6/71      AC: 17    Str: 24    XL:     8   Next: 41%
Magic:  7/7        EV:  8    Int:  4    God:    Trog [**....]
Gold:   244        SH:  0    Dex: 10    Spells: 7/7 levels left

rFire   . . .        k - +1 hand axe (flame)
rCold   . . .        (no shield)
rNeg    . . .        o - +0 plate armour {Will+}
rPois   .            (helmet restricted)
rElec   .            (no cloak)
rCorr   .            d - +0 pair of gloves
SInv    .            r - +2 pair of boots
Will    +++..        (no amulet) Stlth
                     (no ring)
HPRegen 1.31/turn    (no ring)
MPRegen 0.10/turn

%: no passive effects
@: strong-willed, regenerating
A: horns 2, retaliatory headbutt
a: Renounce Religion, Berserk, Trog's Hand


You were on level 5 of the Dungeon.
You worshipped Trog.
Trog was pleased with you.
You visited 2 branches of the dungeon, and saw 6 of its levels.

You collected 244 gold pieces.

Inventory:

Hand Weapons
 k - a +1 hand axe of flaming (weapon)
Armour
 d - a +0 pair of gloves (worn)
 o - a +0 plate armour of willpower (worn)
 r - a +2 pair of boots (worn)
Wands
 m - a wand of mindburst (4)
 n - a wand of flame (16)
Scrolls
 a - a scroll of brand weapon {unknown}
 c - 4 scrolls of identify {unknown}
 f - 2 scrolls of teleportation {unknown}
 h - 3 scrolls of enchant weapon {unknown}
 l - a scroll of poison {unknown}
 p - a scroll of fog {unknown}
 q - 2 scrolls of amnesia {unknown}
 t - a scroll of noise {unknown}
Potions
 b - 2 potions of magic {unknown}
 e - a potion of heal wounds {unknown}
 g - a potion of might
 i - a potion of brilliance {unknown}
 j - a potion of resistance {unknown}
 s - a potion of lignification {unknown}


   Skills:
 + Level 6.4 Fighting
 + Level 7.3 Axes
 + Level 6.2 Armour
 * Level 5.4 Dodging
 * Level 3.0 Shields
 * Level 2.2 Evocations


You had 7 spell levels left.
You didn't know any spells.
Your spell library was empty.

Dungeon Overview and Level Annotations

Branches:
Dungeon (5/15)             Temple (1/1) D:4

Altars:
Ashenzari
Dithmenos
Fedhas
Gozag
Kikubaaqudgha
Makhleb
Okawaru
Qazlal
Ru
Trog
Uskayaw
Vehumet
Xom
Yredelemnul
Zin

Shops:
D:5 [=:(!(


Innate Abilities, Weirdness & Mutations

You have a pair of horns on your head.
You reflexively headbutt those who attack you in melee.


Message History

The electric eel shoots out a bolt of lightning at you!
The bolt of electricity hits the plant!
The bolt of electricity hits you!
The electric eel shoots out a bolt of lightning at you!
The bolt of electricity hits the plant! x2; The plant begins to die.
The bolt of electricity hits you!
The electric eel shoots out a bolt of lightning at you!
The bolt of electricity hits the plant!
The bolt of electricity hits the plant.
The bolt of electricity hits you.
A nearby plant withers and dies.
The electric eel shoots out a bolt of lightning at you!
The bolt of electricity hits you but does no damage.
The electric eel shoots out a bolt of lightning at you!
The bolt of electricity hits the plant! x2; The bolt of electricity hits you.
The electric eel shoots out a bolt of lightning at you!
The bolt of electricity hits the plant!
The bolt of electricity hits you!
The electric eel shoots out a bolt of lightning at you!
The bolt of electricity hits the plant!
The bolt of electricity misses you.
The electric eel shoots out a bolt of lightning at you!
The bolt of electricity hits the plant!
The bolt of electricity hits you but does no damage.
A nearby plant withers and dies.
The electric eel shoots out a bolt of lightning at you!
The bolt of electricity hits the electric eel.
The electric eel completely resists.
The bolt of electricity hits the plant!
The bolt of electricity hits you!
* * * LOW HITPOINT WARNING * * *
The electric eel shoots out a bolt of lightning at you!
The bolt of electricity hits the plant.
The bolt of electricity hits you!
* * * LOW HITPOINT WARNING * * *
The electric eel shoots out a bolt of lightning at you!
The bolt of electricity hits you!
* * * LOW HITPOINT WARNING * * *
The electric eel shoots out a bolt of lightning at you!
The bolt of electricity hits you but does no damage.
Your skin crawls.
You feel strong-willed.
A nearby plant withers and dies.
The electric eel shoots out a bolt of lightning at you!
The bolt of electricity hits you!
You die...

#.......#
########.#####.########
#...........#####...~~##
##.######.######~..####.##
...# #.##..~)~##'..##.#
#### #.#..#####.....#.#
#### #####'..##.....#.#
...# #.....#÷÷.~.#~# ##.#
#....@#~~~..#~# .#.#
#######~..~.#~....#~# .#.#
#.....#!P~~~#≈≈.≈≈#~# .#.#
#.....#~).$$##≈≈≈##~# ...#
#.....#≈≈.SS######~## )..#
#.....##≈≈S##~~.).##
##.###......#####~#######
)...######..'...~##.....#
..##### #..######.#..#.#


You could see 3 electric eels.

Vanquished Creatures
  A gargoyle (D:5)
  Sigmund (D:3)
  A centaur (D:5)
  A gnoll sergeant (D:5)
  3 scorpions (D:4)
  3 electric eels (D:5)
  A bombardier beetle (D:4)
  A jelly (D:4)
  4 hounds
  2 iguanas (D:5)
  Ijyb (D:3)
  8 gnolls
  2 adders
  2 dart slugs
  2 ribbon worms
  7 orcs
  6 ball pythons
  6 endoplasms
  5 giant cockroaches
  11 hobgoblins
  3 jackals (D:3)
  A quokka (D:2)
  4 bats
  3 frilled lizards
  12 goblins
  4 kobolds
  3 rats
98 creatures vanquished.

Notes
Turn   | Place    | Note
-------+----------+-------------------------------------------
     0 | D:1      | Curundu the Minotaur Berserker began the quest for the Orb.
     0 | D:1      | Reached XP level 1. HP: 19/19 MP: 0/0
   102 | D:1      | Reached XP level 2. HP: 27/27 MP: 1/1
   209 | D:1      | Reached skill level 4 in Axes
   430 | D:1      | Reached XP level 3. HP: 33/33 MP: 2/2
  1069 | D:2      | Reached ** piety under Trog
  1397 | D:3      | Noticed Sigmund
  1405 | D:3      | Reached XP level 4. HP: 41/41 MP: 3/3
  1413 | D:3      | Killed Sigmund
  1414 | D:3      | Reached skill level 5 in Fighting
  1414 | D:3      | Reached skill level 5 in Axes
  1414 | D:3      | Reached XP level 5. HP: 48/48 MP: 4/4
  1431 | D:3      | Reached XP level 6. HP: 54/56 MP: 5/5
  1574 | D:3      | Noticed Ijyb
  1589 | D:3      | Killed Ijyb
  1810 | D:3      | Identified the +4 sling of Doom {freeze, rElec rF- rCorr
                  | Int+6}
  1861 | D:3      | Identified the +2 ring mail of Zunix {Dex+2}
  1903 | D:4      | Found a staircase to the Ecumenical Temple.
  1914 | Temple   | Entered the Ecumenical Temple
  2116 | D:4      | Reached skill level 5 in Armour
  2116 | D:4      | Reached XP level 7. HP: 52/62 MP: 6/6
  2545 | D:4      | Reached skill level 6 in Axes
  2545 | D:4      | Reached skill level 1 in Shields
  2582 | D:4      | Reached *** piety under Trog
  2973 | D:5      | Entered Level 5 of the Dungeon
  2974 | D:5      | Found Munam's Antique Weapon Boutique.
  2980 | D:5      | Found Cock's Weapon Shop.
  2980 | D:5      | Found Xebbo's Jewellery Shop.
  2981 | D:5      | Found Vuuskouf's Book Shop.
  2981 | D:5      | Found Xuran's Distillery.
  2981 | D:5      | Found Dedopric's Armour Boutique.
  3212 | D:5      | Reached skill level 1 in Evocations
  3523 | D:5      | Reached skill level 5 in Dodging
  3545 | D:5      | Noticed a gargoyle
  3561 | D:5      | Killed a gargoyle
  3562 | D:5      | Reached skill level 7 in Axes
  3562 | D:5      | Reached XP level 8. HP: 6/71 MP: 7/7
  4363 | D:5      | HP: 2/71 [electric eel/bolt of electricity (7)]
  4364 | D:5      | Killed from afar by an electric eel

Illustrated notes

Levels and vault maps discovered:
D:1:      lightli_arrival_statuegarden, layout_loops_ring, serial_forest,
          infiniplex_forest_clump_diagonal, infiniplex_forest_straight_2,
          infiniplex_forest_fountain, infiniplex_forest_straight_2,
          infiniplex_forest_end_2, minmay_ruptured
D:2:      layout_rooms
D:3:      kennysheep_the_goblin_king, layout_rooms, uniq_sigmund
D:4:      layout_basic, minmay_temple_entry_gardened_gates
D:5:      cheibrodos_two_vegetables, layout_loops_cross,
          mainiacjoe_overflow_24_doors, minmay_misc_feat_alley,
          nicolae_shop_national_dungeon_mall, uniq_grinder
Temple:   bh_familiar_temple

Skill      XL: |  1  2  3  4  5  6  7  8 |
---------------+-------------------------+-----
Fighting       | 4 5 6 |  6.4
Axes           | 4 5 7 |  7.3
Armour         | 3 4 5 6 |  6.2
Dodging        | 3 4 5 |  5.4
Shields        | 2 3 |  3.0
Evocations     | 2 |  2.2

Action                     |  1- 3 |  4- 6 |  7- 9 || total
---------------------------+-------+-------+-------++-------
  Melee: Hand axe          |   112 |    70 |    97 ||   279
         Headbutt          |    27 |    10 |    16 ||    53
 Invoke: Trog's Hand       |       |     2 |     3 ||     5
         Berserk           |       |       |     1 ||     1
    Use: Potion            |       |       |     1 ||     1
   Stab: Sleeping          |     1 |       |       ||     1
 Armour: Animal skin       |     7 |       |       ||     7
         Plate armour      |    28 |    68 |   117 ||   213
  Dodge: Dodged            |    37 |    25 |    51 ||   113

Table legend: (Time is in decaauts)
 A = Elapsed time spent in this place.
 B = Non-inter-level travel time spent in this place.
 C = Inter-level travel time spent in this place.
 D = Time resting spent in this place.
 E = Time spent auto-exploring this place.
 F = Levels seen in this place.
 G = Mean time per level.
                   A        B        C        D        E       F      G
               +--------+--------+--------+--------+--------+-----+--------+
         Total |   4400 |   4400 |      0 |    593 |   2786 |   6 |  733.3 |
       Dungeon |   4399 |   4399 |      0 |    593 |   2786 |   5 |  879.8 |
        Temple |      1 |      1 |      0 |      0 |      0 |   1 |    1.0 |
               +--------+--------+--------+--------+--------+-----+--------+

Top non-repeatable levels by time:
     D:5: 1414 daAuts
     D:4: 1070 daAuts
     D:1: 908 daAuts
     D:3: 549 daAuts
     D:2: 456 daAuts
  Temple: 1 daAuts
